 Dungeon Crawl Stone Soup version 0.21-a0-426-g98080a9 (webtiles) character file.

17479 Gorice the Protected (level 12, 0/102 HPs)
             Began as a Demonspawn Wanderer on Nov 6, 2017.
             Was a Believer of Yredelemnul.
             Slain by a seven-headed hydra (5 damage)
             ... on level 3 of the Lair of Beasts on Nov 7, 2017.
             The game lasted 01:22:54 (18605 turns).

Gorice the Protected (Demonspawn Wanderer)         Turns: 18605, Time: 01:22:56

Health: 0/102      AC: 22    Str: 20    XL:     12   Next: 19%
Magic:  12/12      EV:  7    Int: 11    God:    Yredelemnul [**....]
Gold:   541        SH:  0    Dex: 13    Spells: 10/11 levels left

rFire    . . .     SeeInvis +   Y - +0 great mace (crush)
rCold    . . .     Gourm    .   (shield currently unavailable)
rNeg     . . .     Faith    .   V - +0 plate armour
rPois    .         Spirit   .   (helmet unavailable)
rElec    .         Reflect  .   e - +1 cloak
rCorr    .         Harm     .   k - +0 pair of gloves
MR       .....                  (no boots)
Stlth    ..........             o - amulet of regeneration
HPRegen  0.67/turn              C - ring of flight
MPRegen  0.13/turn              N - ring of stealth

@: no status effects
A: antennae 3, thin metallic scales 2, nightstalker 2
a: Animate Remains, Recall Undead Slaves, Injury Mirror, Renounce Religion,
Evoke Flight


You were on level 3 of the Lair of Beasts.
You worshipped Yredelemnul.
Yredelemnul was pleased with you.
You were not hungry.

You visited 3 branches of the dungeon, and saw 14 of its levels.
You also visited: Sewer.

You collected 928 gold pieces.
You spent 387 gold pieces at shops.

Inventory:

Hand Weapons
 a - a +2 whip of venom
   (You took it off an orc on level 5 of the Dungeon)
 b - a +0 shortbow
 B - a +0 blowgun
 Y - a +0 great mace of crushing (weapon)
   (You bought it in a shop on level 10 of the Dungeon)
Missiles
 h - 8 poisoned javelins
 D - 5 curare-tipped needles
 O - 126 arrows
 R - 12 tomahawks (quivered)
 Z - a throwing net
Armour
 e - a +1 cloak (worn)
 k - a +0 pair of gloves (worn)
 V - a +0 plate armour (worn)
Jewellery
 o - an amulet of regeneration (around neck)
 s - a +3 ring of intelligence
 C - a ring of flight (left hand)
 N - a ring of stealth (right hand)
Wands
 c - a wand of random effects (21/48)
 i - a wand of random effects (37/48)
 m - a wand of lightning (6/15)
 w - a wand of random effects (25/48)
 E - a wand of confusion (20/48)
 L - a wand of paralysis (24/24)
 W - a wand of flame (23/48)
Scrolls
 p - 3 scrolls of remove curse
 v - a scroll of enchant weapon
 y - 3 scrolls of identify
 A - a scroll of fear {!r}
 H - a scroll of magic mapping {!r}
 U - 2 scrolls of teleportation {!r}
Potions
 g - a potion of resistance {!q}
 n - 5 potions of curing
 q - a potion of agility {!q}
 r - 5 potions of might {!q}
 t - 2 potions of invisibility {!q}
 x - 2 potions of heal wounds {!q}
 z - 3 potions of haste {!q}
 S - 2 potions of ambrosia
Miscellaneous
 F - a lamp of fire
Comestibles
 d - 14 bread rations {!e}
 f - 4 fruits
 j - a royal jelly
 l - a meat ration {!e}
 u - 6 chunks of flesh


   Skills:
 - Level 12.0 Fighting
 * Level 8.0 Maces & Flails
 - Level 1.7 Bows
 - Level 1.2 Throwing
 + Level 12.2 Armour
 - Level 1.7 Dodging
 - Level 1.7 Unarmed Combat
 - Level 1.0 Evocations


You had 10 spell levels left.
You knew the following spells:

 Your Spells              Type           Power        Failure   Level  Hunger
B - Summon Butterflies    Summ           #.......     99%         1    ##.....


Dungeon Overview and Level Annotations

Branches:
Dungeon (10/15)            Temple (1/1) D:5            Lair (3/6) D:10
  Swamp: Lair:2-4    Shoals: Lair:2-4     Snake: Lair:2-4    Spider: Lair:2-4
    Orc: D:9-12

Altars:
Ashenzari
Cheibriados
Dithmenos
Elyvilon
Fedhas
Gozag
Hepliaklqana
Kikubaaqudgha
Makhleb
Nemelex Xobeh
Okawaru
Qazlal
Ru
Sif Muna
Trog
Uskayaw
Vehumet
Wu Jian
Xom
Yredelemnul
Zin
The Shining One

Shops:
D:3 *   D:8 *   D:10 (

Annotations:
D:9 nikopol's ghost, novice DEFE
Lair:3 exclusion: 3 oklob plants


Innate Abilities, Weirdness & Mutations

You have a pair of large antennae on your head. (SInv)
You are mostly covered in thin metallic scales. (AC +3)
You are significantly more attuned to the shadows.


Message History

You can no longer animate legions of the dead.
Yredelemnul will no longer gift you servants.
The seven-headed hydra bites you but does no damage. x3
Damage: 20 (max 21) Unknown command.
Unknown command.
Your dark mirror aura disappears.
Found a stone staircase leading down.
Wield which item (- for none, * to show all)? (? for menu, Esc to quit)
Your +2 whip of venom stops dripping with poison.
Y - a +0 great mace of crushing (weapon)
The seven-headed hydra bites you but does no damage.
The seven-headed hydra barely misses you.
The seven-headed hydra closely misses you.
The seven-headed hydra bites you but does no damage.
The seven-headed hydra bites you.
* * * LOW HITPOINT WARNING * * *
The seven-headed hydra bites you but does no damage.
The seven-headed hydra bites you.
* * * LOW HITPOINT WARNING * * *
Damage: 3 (max 21) Unknown command.
Unknown command.
Unknown command.
You hit the seven-headed hydra.
The seven-headed hydra is heavily wounded.
The seven-headed hydra bites you but does no damage.
The seven-headed hydra closely misses you.
The seven-headed hydra bites you but does no damage.
The seven-headed hydra bites you.
* * * LOW HITPOINT WARNING * * *
The seven-headed hydra completely misses you.
The seven-headed hydra bites you.
* * * LOW HITPOINT WARNING * * *
The seven-headed hydra bites you.
* * * LOW HITPOINT WARNING * * *
You thump the seven-headed hydra!
The seven-headed hydra is severely wounded.
The seven-headed hydra bites you but does no damage.
The seven-headed hydra bites you.
* * * LOW HITPOINT WARNING * * *
The seven-headed hydra barely misses you.
The seven-headed hydra bites you.
* * * LOW HITPOINT WARNING * * *
The seven-headed hydra bites you.
* * * LOW HITPOINT WARNING * * *
The seven-headed hydra bites you but does no damage.
The seven-headed hydra bites you.
You die...
Your body rises from the dead as a mindless zombie.

...## #...####.#.#.#
..#####...##...#.###
..................#
..##.............##
..###.##..........#
..##.............##
..####..#.........#
...##...#........##
..##..8.........@.##
.#..............D#.#
.#....###........###
....#.# .........#
8...#............#
....###..........#
..8.# #.........#
....# ##.........##
8...# #...........#


You could see a seven-headed hydra.

Vanquished Creatures
  A hydra (Lair:1)
  2 two-headed ogres
  3 spiny frogs (Lair:2)
  6 komodo dragons
  The ghost of Ijustatesigmund the Sneak, a novice OpEn (D:6)
  A red devil (D:8)
  2 trolls (D:9)
  A hornet (D:9)
  3 dream sheep
  2 hippogriffs
  Sigmund (D:4)
  A vampire (D:9)
  18 yaks
  2 basilisks (Lair:1)
  2 water moccasins
  6 porcupines
  2 black bears (D:10)
  2 orc warriors
  3 sky beasts
  3 ice beasts
  An eye of draining (D:9)
  3 centaurs
  5 ogres
  A phantom (D:10)
  17 wolves
  5 crocodiles
  A big kobold (D:9)
  A gnoll sergeant (D:6)
  7 bullfrogs
  A wyvern skeleton (D:6)
  6 scorpions
  2 electric eels
  2 crimson imps (D:6)
  A centaur zombie (D:6)
  9 orc wizards
  A bullfrog zombie (D:8)
  3 centaur skeletons
  11 orc priests
  A gnoll shaman (D:5)
  5 hounds
  2 jellies
  A bullfrog skeleton (D:4)
  11 iguanas
  Natasha (thrice) (D:3)
  Ijyb (D:4)
  9 worker ants
  4 hound skeletons
  5 gnolls
  12 adders
  2 shadow imps
  An ooze (D:3)
  7 worms
  A dart slug (D:3)
  6 leopard geckos
  26 orcs
  3 bats
  7 giant cockroaches
  4 goblins
  2 hobgoblins
  15 jackals
  14 kobolds
  3 quokkas
  6 ball pythons
  9 frilled lizards
  2 jackal skeletons
  A jackal zombie (D:5)
  A leopard gecko zombie (D:5)
  A quokka zombie (D:8)
  8 rats
  7 plants (Sewer)
319 creatures vanquished.

Vanquished Creatures (collateral kills)
  A spiny frog (Lair:1)
  2 dream sheep (Lair:1)
  A hippogriff (Lair:1)
  A water moccasin (Lair:1)
  4 wolves (Lair:1)
  An electric eel (Lair:1)
10 creatures vanquished.

Vanquished Creatures (others)
  8 fungi
  3 plants (Lair:3)
11 creatures vanquished.

Grand Total: 340 creatures vanquished

Notes
Turn   | Place    | Note
-------+----------+-------------------------------------------
     0 | D:1      | Gorice the Demonspawn Wanderer began the quest for the Orb.
     0 | D:1      | Gorice set off with: a +2 scale mail, a +0 short sword, a wand of random effects (15/48), a bread ration {!e}
     0 | D:1      | Reached XP level 1. HP: 15/15 MP: 1/1
   464 | D:1      | Gained mutation: You are slightly more attuned to the shadows. [demonic ancestry]
   464 | D:1      | Reached XP level 2. HP: 10/21 MP: 2/2
  1074 | D:2      | Reached skill level 2 in Fighting
  1248 | D:2      | HP: 5/22 [worm (8)]
  1548 | D:2      | Reached skill level 2 in Armour
  1548 | D:2      | Gained mutation: You have a pair of small antennae on your head. [demonic ancestry]
  1548 | D:2      | Reached XP level 3. HP: 21/27 MP: 3/3
  2080 | D:2      | Reached XP level 4. HP: 30/34 MP: 4/4
  2214 | D:2      | You fall through a shaft!
  2214 | D:3      | Found an opulent altar of Gozag.
  2342 | D:3      | Noticed Natasha
  2354 | D:3      | Killed Natasha
  2354 | D:3      | Reached skill level 3 in Fighting
  2481 | D:3      | Found a faded altar of an unknown god.
  2487 | D:3      | Noticed Natasha
  2571 | D:3      | HP: 3/35 [white imp/puff of frost[Natasha] (8)]
  2979 | D:3      | Found Gozag's Platinum Reserve.
  3006 | D:3      | HP: 8/35 [shadow imp/nerve-wracking pain[Natasha] (3)]
  3012 | D:3      | HP: 11/52 [Natasha (5)]
  3016 | D:3      | Killed Natasha
  3016 | D:3      | Reached skill level 3 in Armour
  3440 | D:3      | Noticed Natasha
  3448 | D:3      | Killed Natasha
  3448 | D:3      | Gained mutation: You have a pair of antennae on your head. [demonic ancestry]
  3448 | D:3      | Reached XP level 5. HP: 39/41 MP: 5/5
  4016 | D:4      | Reached skill level 4 in Fighting
  4016 | D:4      | Gained mutation: You are partially covered in thin metallic scales. (AC +2) [demonic ancestry]
  4016 | D:4      | Reached XP level 6. HP: 31/48 MP: 6/6
  4209 | D:4      | Reached skill level 4 in Armour
  4397 | D:4      | Noticed Ijyb
  4408 | D:4      | Noticed Sigmund
  4758 | D:4      | Killed Ijyb
  4773 | D:4      | Killed Sigmund
  4773 | D:4      | Reached skill level 5 in Fighting
  4773 | D:4      | Reached XP level 7. HP: 56/56 MP: 7/7
  5124 | D:4      | Reached skill level 5 in Armour
  5193 | D:5      | Entered Level 5 of the Dungeon
  5264 | D:5      | Found a glowing drain.
  5286 | Sewer    | Entered a sewer
  6418 | D:5      | Reached skill level 6 in Fighting
  6797 | D:5      | Reached XP level 8. HP: 51/65 MP: 8/8
  6840 | D:5      | Reached skill level 6 in Armour
  7102 | D:5      | Reached skill level 7 in Fighting
  7341 | D:5      | Found a staircase to the Ecumenical Temple.
  7372 | D:5      | Learned a level 1 spell: Summon Butterflies
  7543 | Temple   | Entered the Ecumenical Temple
  7613 | Temple   | Became a worshipper of Yredelemnul the Dark
  7752 | D:5      | Found a bloodstained altar of Trog.
  8109 | D:5      | Found a hide-covered altar of Uskayaw.
  8124 | D:5      | Reached skill level 7 in Armour
  8523 | D:6      | Reached skill level 8 in Fighting
  8599 | D:6      | HP: 20/68 [bullfrog (6)]
  8604 | D:5      | HP: 13/68 [bullfrog (3)]
  8915 | D:6      | Noticed Ijustatesigmund's ghost (novice OpEn)
  8954 | D:6      | Gained mutation: You are significantly more attuned to the shadows. [demonic ancestry]
  8954 | D:6      | Reached XP level 9. HP: 68/75 MP: 9/9
  9364 | D:6      | Reached * piety under Yredelemnul
  9554 | D:6      | Killed Ijustatesigmund's ghost
  9554 | D:6      | Reached skill level 8 in Armour
  9617 | D:6      | Reached skill level 9 in Fighting
  9706 | D:6      | Found a shattered altar of Ashenzari.
  9761 | D:6      | Noticed a two-headed ogre
  9780 | D:6      | Killed a two-headed ogre
  9905 | D:7      | Reached skill level 9 in Armour
 10355 | D:7      | Found a glowing golden altar of the Shining One.
 10448 | D:7      | Reached skill level 10 in Fighting
 10539 | D:7      | Found a blossoming altar of Fedhas.
 11505 | D:8      | Reached ** piety under Yredelemnul
 11797 | D:8      | Noticed a rust devil
 11850 | D:8      | Gained mutation: You are mostly covered in thin metallic scales. (AC +3) [demonic ancestry]
 11850 | D:8      | Reached XP level 10. HP: 83/85 MP: 10/10
 11933 | D:8      | Noticed a hell beast
 11936 | D:8      | Found a basalt altar of Yredelemnul.
 12036 | D:8      | Found Gukkef's Assorted Antiques.
 12042 | D:8      | Bought a scroll labeled XOARGH BEMU for 32 gold pieces
 12042 | D:8      | Bought a scroll labeled UDAUHYONTOO for 32 gold pieces
 12385 | D:9      | Found a white marble altar of Elyvilon.
 12601 | D:9      | Noticed nikopol's ghost (novice DEFE)
 12667 | D:9      | Found an ancient bone altar of Kikubaaqudgha.
 12694 | D:9      | Paralysed by a hornet for 3 turns
 12911 | D:9      | Reached skill level 10 in Armour
 13051 | D:9      | HP: 25/86 [something (4)]
 13066 | D:9      | HP: 25/86 [vampire/stone (5)]
 13074 | D:9      | Reached skill level 11 in Fighting
 13591 | D:10     | Entered Level 10 of the Dungeon
 13593 | D:10     | Found Ceus Ped's Antique Weapon Shoppe.
 13803 | D:10     | Found a staircase to the Lair.
 14014 | D:10     | Bought a runed great mace for 323 gold pieces
 14132 | D:10     | Noticed a two-headed ogre
 14192 | D:10     | HP: 18/88 [two-headed ogre/giant club (12)]
 14195 | D:10     | Killed a two-headed ogre
 14392 | D:10     | Gained mutation: You have a pair of large antennae on your head. (SInv) [demonic ancestry]
 14392 | D:10     | Reached XP level 11. HP: 95/95 MP: 11/11
 14401 | D:10     | Reached skill level 11 in Armour
 14509 | D:10     | Reached *** piety under Yredelemnul
 14549 | Lair:1   | Entered Level 1 of the Lair of Beasts
 14656 | D:10     | Reached skill level 12 in Fighting
 14788 | D:10     | Reached skill level 1 in Maces & Flails
 14967 | Lair:1   | Reached skill level 2 in Maces & Flails
 15249 | Lair:1   | Reached skill level 3 in Maces & Flails
 15575 | Lair:1   | Noticed a six-headed hydra
 15584 | Lair:1   | HP: 28/95 [six-headed hydra (10)]
 15584 | Lair:1   | Killed a six-headed hydra
 15584 | Lair:1   | Reached skill level 4 in Maces & Flails
 15921 | Lair:1   | Reached skill level 5 in Maces & Flails
 16424 | Lair:2   | HP: 27/95 [poisoned by a spiny frog]
 16432 | Lair:2   | Reached skill level 6 in Maces & Flails
 17087 | Lair:2   | Reached skill level 12 in Armour
 17535 | Lair:3   | Noticed a seven-headed hydra
 17775 | Lair:3   | Reached skill level 7 in Maces & Flails
 17876 | Lair:3   | Reached XP level 12. HP: 102/102 MP: 12/12
 18521 | Lair:3   | Reached skill level 8 in Maces & Flails
 18569 | Lair:3   | HP: 25/102 [seven-headed hydra (10)]
 18604 | Lair:3   | HP: 29/102 [seven-headed hydra (6)]
 18605 | Lair:3   | HP: 11/102 [seven-headed hydra (6)]
 18605 | Lair:3   | HP: 5/102 [seven-headed hydra (6)]
 18605 | Lair:3   | Slain by a seven-headed hydra

Vault maps used:
D:1:      mrwooster_arrival_statue, serial_bayou_crossing
D:2:      first_bread
D:3:      nicolae_gozag_zags_fifth_avenue, chequers_ecumenical_altar_simple,
          kennysheep_generic_room_4, uniq_natasha
D:4:      kennysheep_generic_room_3, uniq_ijyb, uniq_sigmund
D:5:      cheibrodos_fzero, lightli_temple_of_fire,
          eat_drink_and_be_merry_uskayaw, minmay_temple_entry_poolview,
          cheibrodos_sewer_entry_drain, minmay_misc_feat_encased
D:6:      lemuel_round_altar, nicolae_water_bricks
D:7:      fedhas_altar_1, lemuel_crystal_altar
D:8:      serial_shops, shop, lemuel_hellish_altar
D:9:      overflow_temple_1_default, kennysheep_mini_moat
D:10:     due_lair_maze_entry_diamond, serial_shops, shop
Temple:   zaba_magenta_temple
Lair:1:   beast_lair_carwin_large_4, serial_bayou_shore_a
Lair:2:   st_stairs_11, lemuel_fruit_fields, infiniplex_staircase_pool
Lair:3:   minmay_lair_oklob_chamber, grunt_megastairs_4
Sewer:    sewer_co_scattered_pipes

Skill      XL: |  1  2  3  4  5  6  7  8  9 10 11 12 |
---------------+-------------------------------------+-----
Fighting       | 2 3 4 5 6 8 10 11 12 | 12.0
Armour         | 2 3 4 5 7 9 10 12 | 12.2
Maces & Flails | 7 8 |  8.0
Bows           | |  1.7
Throwing       | |  1.2
Dodging        | |  1.7
Unarmed Combat | |  1.7
Evocations     | |  1.0

Action                   |  1- 3 |  4- 6 |  7- 9 | 10-12 || total
-------------------------+-------+-------+-------+-------++-------
Melee: Short sword       |   147 |   222 |   473 |       ||   842
       Punch             |       |     3 |     6 |     6 ||    15
       Whip              |       |       |   380 |   770 ||  1150
       Trident           |       |       |    17 |    32 ||    49
       Shortbow          |       |       |       |     1 ||     1
       Great mace        |       |       |       |     2 ||     2
 Fire: Hunting sling     |    42 |     6 |       |       ||    48
       Shortbow          |       |       |    27 |   132 ||   159
       Blowgun           |       |       |       |    13 ||    13
Throw: Stone             |     1 |     3 |    19 |       ||    23
       Tomahawk          |       |       |       |     1 ||     1
Invok: Injury Mirror     |       |       |       |     2 ||     2
       Animate Remains   |       |       |       |     1 ||     1
Evoke: Wand              |       |    15 |     3 |    10 ||    28
  Use: Scroll            |     2 |     2 |    12 |    12 ||    28
       Potion            |       |     3 |       |     1 ||     4
 Stab: Confused          |       |     1 |     2 |     2 ||     5
       Sleeping          |       |       |     1 |       ||     1
       Paralysed         |       |       |     8 |     4 ||    12
       Distracted        |       |       |     1 |       ||     1
  Eat: Chunk             |     4 |     4 |    25 |    23 ||    56
       Bread ration      |       |     1 |       |       ||     1
Armor: Scale mail        |    73 |   125 |   295 |       ||   493
       Skin              |       |     8 |       |       ||     8
       Plate armour      |       |       |    37 |   637 ||   674
Dodge: Dodged            |   100 |   124 |   278 |   281 ||   783

Table legend:
 A = Spawn XP
 B = Non-spawn XP
 C = Spawn XP percentage of total XP
 D = Spawn monster count
 E = Non-spawn monster count
 F = Spawn count percentage of total count
 G = Total turns spent on level
                    A         B        C        D         E        F      G
               +---------+---------+-------+---------+---------+-------+---------
         Total |       0 |   24970 |   0.0 |       0 |     322 |   0.0 | 18605
               +---------+---------+-------+---------+---------+-------+---------
           D:1 |       0 |      22 |   0.0 |       0 |      12 |   0.0 |  1260
           D:2 |       0 |      75 |   0.0 |       0 |      24 |   0.0 |  1315
           D:3 |       0 |     177 |   0.0 |       0 |      14 |   0.0 |  1295
           D:4 |       0 |     618 |   0.0 |       0 |      21 |   0.0 |  1376
           D:5 |       0 |    1583 |   0.0 |       0 |      44 |   0.0 |  2386
           D:6 |       0 |    2274 |   0.0 |       0 |      24 |   0.0 |  1238
           D:7 |       0 |     572 |   0.0 |       0 |      20 |   0.0 |  1471
           D:8 |       0 |     649 |   0.0 |       0 |      14 |   0.0 |   825
           D:9 |       0 |    2382 |   0.0 |       0 |      24 |   0.0 |  1367
          D:10 |       0 |    4070 |   0.0 |       0 |      32 |   0.0 |  1088
        Lair:1 |       0 |    5885 |   0.0 |       0 |      34 |   0.0 |  1637
        Lair:2 |       0 |    2373 |   0.0 |       0 |      11 |   0.0 |  1019
        Lair:3 |       0 |    4239 |   0.0 |       0 |      28 |   0.0 |  1191
         Sewer |       0 |      51 |   0.0 |       0 |      20 |   0.0 |  1053
               +---------+---------+-------+---------+---------+-------+---------

Table legend:
 A = Turns spent in this place as a percentage of turns spent in the entire game.
 B = Non-inter-level travel turns spent in this place as a percentage of non-inter-level travel turns spent in the entire game.
 C = Inter-level travel turns spent in this place as a percentage of turns spent in this place.
 D = Turns resting spent in this place as a percentage of non-inter-level travel turns spent in this place.
 E = Turns spent auto-exploring this place as a percentage of non-inter-level travel turns spent in this place.
 F = Non-inter-level travel turns spent in this place divided by the number of levels of this place that you've seen.
                   A       B       C       D       E      F
               +-------+-------+-------+-------+-------+----------------------
         Total | 100.0 | 100.0 |   2.3 |  21.5 |  39.9 | 1212.0
       Dungeon |  73.2 |  73.1 |   2.4 |  25.8 |  39.6 | 1328.9
        Temple |   0.5 |   0.5 |   0.0 |   0.0 |   8.3 |  84.0
          Lair |  20.7 |  20.6 |   2.4 |  12.9 |  43.3 | 1251.3
         Sewer |   5.7 |   5.8 |   0.0 |   0.0 |  34.6 | 1053.0
               +-------+-------+-------+-------+-------+----------------------

Vault maps used:
D:1:      mrwooster_arrival_statue, serial_bayou_crossing
D:2:      first_bread
D:3:      nicolae_gozag_zags_fifth_avenue, chequers_ecumenical_altar_simple,
          kennysheep_generic_room_4, uniq_natasha
D:4:      kennysheep_generic_room_3, uniq_ijyb, uniq_sigmund
D:5:      cheibrodos_fzero, lightli_temple_of_fire,
          eat_drink_and_be_merry_uskayaw, minmay_temple_entry_poolview,
          cheibrodos_sewer_entry_drain, minmay_misc_feat_encased
D:6:      lemuel_round_altar, nicolae_water_bricks
D:7:      fedhas_altar_1, lemuel_crystal_altar
D:8:      serial_shops, shop, lemuel_hellish_altar
D:9:      overflow_temple_1_default, kennysheep_mini_moat
D:10:     due_lair_maze_entry_diamond, serial_shops, shop
Temple:   zaba_magenta_temple
Lair:1:   beast_lair_carwin_large_4, serial_bayou_shore_a
Lair:2:   st_stairs_11, lemuel_fruit_fields, infiniplex_staircase_pool
Lair:3:   minmay_lair_oklob_chamber, grunt_megastairs_4
Sewer:    sewer_co_scattered_pipes
